 Dungeon Crawl Stone Soup version 0.21.1-1-g345015f (webtiles) character file.

749 MajorAdolf the Shield-Bearer (level 7, -19/49 HPs)
             Began as an Octopode Fighter on Apr 6, 2018.
             Demolished by an ogre
             ... wielding a +0 giant spiked club
              (29 damage)
             ... on level 5 of the Dungeon.
             The game lasted 00:08:03 (3502 turns).

MajorAdolf the Shield-Bearer (Octopode Fighter)     Turns: 3502, Time: 00:08:04

Health: -19/49     AC:  1    Str: 15    XL:     7   Next: 78%
Magic:  16/16      EV: 11    Int: 13    God:
Gold:   137        SH:  9    Dex: 11    Spells: 6/6 levels left

rFire    . . .     SeeInvis .   a - +0 trident
rCold    . . .     Gourm    .   b - +0 shield
rNeg     . . .     Faith    .   (helmet restricted)
rPois    .         Spirit   .   (no amulet)
rElec    .         Reflect  .   i - ring of magical power
rCorr    .         Harm     .   (no ring)
MR       .....                  (no ring)
Stlth    +++.......             (no ring)
HPRegen  0.16/turn              (no ring)
MPRegen  0.15/turn              (no ring)
                                (no ring)
                                (no ring)

@: heavily drained
A: almost no armour, stealthy swim, amphibious, 8 rings, constrict 8, camouflage
1, gelatinous body 1
a: no special abilities


You were on level 5 of the Dungeon.
You were not hungry.

You visited 1 branch of the dungeon, and saw 5 of its levels.

You collected 137 gold pieces.

Inventory:

Hand Weapons
 a - a +0 trident (weapon)
Armour
 b - a +0 shield (worn)
Jewellery
 i - a ring of magical power (left tentacle)
Wands
 o - a wand of paralysis (7)
Scrolls
 e - a scroll of remove curse {unknown}
 g - a scroll of amnesia {unknown}
 l - 3 scrolls of teleportation {unknown}
 p - 2 scrolls of blinking {unknown}
 q - a scroll of random uselessness {unknown}
 r - a scroll of immolation {unknown}
 t - 2 scrolls of identify {unknown}
 u - a scroll of magic mapping {unknown}
Potions
 c - a potion of might
 f - 3 potions of curing {unknown}
 h - 3 potions of flight {unknown}
 j - a potion of agility {unknown}
 k - 2 potions of berserk rage {unknown}
 m - a potion of magic {unknown}
 n - 2 potions of heal wounds {unknown}
 s - a potion of ambrosia {unknown}
 v - a potion of mutation {unknown}
Comestibles
 d - 11 rations
 w - a chunk of flesh


   Skills:
 + Level 4.6(3.0) Fighting
 + Level 3.9(2.3) Polearms
 + Level 4.6(3.0) Dodging
 + Level 4.6(3.0) Stealth
 * Level 5.4(3.7) Shields


You had 6 spell levels left.
You didn't know any spells.

Dungeon Overview and Level Annotations

Branches:
Dungeon (5/15)
 Temple: D:4-7

Altars:
Cheibriados
Gozag
Makhleb
Nemelex Xobeh
Okawaru
Vehumet


Innate Abilities, Weirdness & Mutations

You cannot wear most types of armour.
You are very stealthy in the water. (Stealth+)
You are amphibious.
You can wear up to eight rings at the same time.
You can use your tentacles to constrict eight enemies at once.
Your skin changes colour to match your surroundings (Stealth+).
Your rubbery body absorbs attacks. (AC +1, EV +1)


Message History

You closely miss the ogre. The hound zombie bites you.
You block the ogre's attack.
You hit the ogre. You squeeze the ogre, but do no damage.
The ogre is moderately wounded.
The hound bites you.
* * * LOW HITPOINT WARNING * * *
You block the hound zombie's attack. The hound bites you.
* * * LOW HITPOINT WARNING * * *
The hound zombie misses you. The ogre barely misses you.
You barely miss the ogre. You squeeze the ogre.
The ogre is moderately wounded.
The hound closely misses you. You block the hound zombie's attack.
The hound bites you.
* * * LOW HITPOINT WARNING * * *
Unknown command.
The hound zombie closely misses you. You block the hound's attack.
The ogre hits you with a giant spiked club!!
Ouch! That really hurt!
You die...

#........#.## ...#
#........#..# ...##
#........##.# ....#
###########.######...#
.......#..#...#...#
..............#...#
..............'...+
..[...........#...#
#####........@#.......
#.......Oh#...####
#........Z#.....
#.........##.####
#.............
...?......###.#
.....[..#.# #
........#.#
........#..


You could see an ogre, a hound and a hound zombie.

Vanquished Creatures
  2 ogres (D:4)
  A scorpion (D:5)
  2 crimson imps (D:5)
  An orc wizard (D:4)
  2 orc priests
  A bullfrog skeleton (D:4)
  Jessica (D:2)
  4 worker ants (D:4)
  Terence (D:2)
  An iguana (D:4)
  9 adders
  An adder skeleton (D:4)
  An adder zombie (D:5)
  5 worms
  4 dart slugs
  A leopard gecko (D:2)
  6 orcs
  A ball python (D:1)
  2 bats
  5 giant cockroaches
  6 goblins
  4 hobgoblins
  5 kobolds
  3 quokkas (D:2)
  4 frilled lizards
  8 rats
81 creatures vanquished.

Notes
Turn   | Place    | Note
-------+----------+-------------------------------------------
     0 | D:1      | MajorAdolf the Octopode Fighter began the quest for the Orb.
     0 | D:1      | Reached XP level 1. HP: 16/16 MP: 1/1
    48 | D:1      | Reached XP level 2. HP: 13/21 MP: 2/2
   808 | D:2      | Reached skill level 1 in Stealth
   808 | D:2      | Reached XP level 3. HP: 24/26 MP: 3/3
  1106 | D:2      | Reached XP level 4. HP: 29/31 MP: 4/4
  1119 | D:2      | Noticed Jessica
  1128 | D:2      | Killed Jessica
  1168 | D:2      | Found a sparkling altar of Nemelex Xobeh.
  1169 | D:2      | Found an opulent altar of Gozag.
  1263 | D:2      | Found a radiant altar of Vehumet.
  1284 | D:2      | You fall through a shaft!
  1325 | D:2      | Reached XP level 5. HP: 23/37 MP: 5/5
  1464 | D:2      | Noticed Terence
  1471 | D:2      | Killed Terence
  1740 | D:3      | Found a burning altar of Makhleb.
  1868 | D:3      | Found a snail-covered altar of Cheibriados.
  2004 | D:3      | Found an iron altar of Okawaru.
  2203 | D:4      | Noticed an ogre
  2217 | D:4      | Killed an ogre
  2217 | D:4      | Reached skill level 4 in Shields
  2217 | D:4      | Reached XP level 6. HP: 20/43 MP: 6/6
  2605 | D:4      | Reached XP level 7. HP: 14/49 MP: 7/7
  2839 | D:4      | Reached skill level 5 in Shields
  3404 | D:5      | Entered Level 5 of the Dungeon
  3502 | D:5      | Demolished by an ogre

Skill      XL: |  1  2  3  4  5  6  7 |
---------------+----------------------+-----
Stealth        | 1 2 3 4 |  4.6
Fighting       | 4 |  4.6
Polearms       | 3 |  3.9
Shields        | 4 5 |  5.4
Dodging        | 4 |  4.6

Action                   |  1- 3 |  4- 6 |  7- 9 || total
-------------------------+-------+-------+-------++-------
Melee: Trident           |    54 |   111 |    61 ||   226
       Tentacles         |     9 |    21 |    15 ||    45
       Constrict         |    13 |    31 |    12 ||    56
 Stab: Sleeping          |     5 |    10 |     3 ||    18
  Eat: Chunk             |     1 |     4 |     3 ||     8
Armor: Skin              |     3 |     6 |     6 ||    15
Dodge: Dodged            |    17 |    48 |    31 ||    96
Block: Shield            |    22 |    41 |    30 ||    93
